AoeStats
← [NICE_ASS] BigMasi

MegaRandom

507339752Analyzed
4v4 RM · 14d ago on Sep 17, 2026· 24m 6s· 8 players
Game mode
Random Map
Map size
Large (8 player)
Population
200
Speed
Normal
Resources
Standard
Victory
Conquest
Starting age
Dark Age
Ending age
Imperial Age
RankedLock teamsTeams togetherTeam positionsShared explorationLock speedFull tech treeHidden civsTurbo modeCheats
Victory
Defeat
🇨🇭 Wei · Switzerland
1307
+10
🇨🇭 Celts · Switzerland
1253
+12
🇨🇭 Turks · Switzerland
1194
+14
🇨🇭 Lithuanians · Switzerland
1134
+16
🇬🇧 Dravidians · United Kingdom
1193
-15
1167
-13
🇩🇰 Malians · Denmark
1162
-13
🇫🇷 Gurjaras · France
1110
-11
Stench_of_Evil
6:53 Loom
12:34 Feudal Age
14:55 Wheelbarrow
14:40 Double-Bit Axe
14:42 Horse Collar
17:24 Castle Age
16:22 Scale Barding Armor
17:05 Forging
16:48 Gold Mining
17:26 Bloodlines
18:56 Gold Shaft Mining
18:24 Husbandry
21:55 Light Cavalry
BIGBALZIE
0:46 Loom
13:21 Feudal Age
14:39 Wheelbarrow
14:45 Double-Bit Axe
14:34 Man-at-Arms
15:01 Arson
18:57 Castle Age
17:55 Forging
17:45 Scale Mail Armor
20:35 Squires
21:12 Iron Casting
20:53 Chain Mail Armor
21:12 Bow Saw
Danabro
10:47 Feudal Age
9:53 Loom
15:30 Castle Age
15:51 Horse Collar
16:01 Double-Bit Axe
17:31 Forging
17:48 Bloodlines
17:39 Husbandry
20:00 Gold Mining
20:04 Stone Mining
20:52 Wheelbarrow
20:53 Scale Barding Armor
22:59 Heavy Plow
Sleepy the sexy saxon sheppard
9:27 Feudal Age
8:37 Loom
8:43 Loom
14:00 Castle Age
12:35 Fletching
12:46 Padded Archer Armor
14:12 Crossbowman
23:10 Bodkin Arrow
hanibalX
2:05 Loom
12:27 Feudal Age
13:21 Gold Mining
13:19 Double-Bit Axe
16:29 Castle Age
14:22 Horse Collar
15:16 Fletching
15:27 Padded Archer Armor
16:46 Wheelbarrow
16:53 Bloodlines
19:25 Bodkin Arrow
22:25 Ballistics
22:57 Thumb Ring
23:53 Husbandry
24:33 Heavy Plow
[NICE_ASS] BigMasi
2:49 Loom
10:30 Feudal Age
11:06 Double-Bit Axe
12:06 Horse Collar
14:40 Castle Age
14:01 Gold Mining
15:12 Wheelbarrow
14:22 Town Watch
15:33 Scale Barding Armor
16:35 Bow Saw
17:05 Heavy Plow
19:13 Stone Mining
23:41 Hand Cart
24:21 Chain Barding Armor
24:12 Forging
24:38 Bloodlines
24:28 Husbandry
24:38 Scale Mail Armor
[UKB] Vincent Giovanni
3:05 Loom
10:58 Feudal Age
12:06 Horse Collar
12:13 Double-Bit Axe
16:14 Castle Age
14:37 Scale Barding Armor
14:48 Gold Mining
15:26 Bloodlines
19:31 Wheelbarrow
20:01 Chain Barding Armor
19:43 Stone Mining
23:04 Hand Cart
[UB] Kühne
1:34 Loom
10:10 Feudal Age
12:14 Double-Bit Axe
14:44 Castle Age
15:06 Gold Mining
16:13 Bow Saw
17:19 Horse Collar
21:05 Heavy Plow
22:28 Pikeman
23:10 Scale Mail Armor
23:41 Fletching
25:15 Gold Shaft Mining
25:17 Wheelbarrow
Connection lost

Rejoining the realm…

Still unreachable

The connection could not be restored.

Session expired

The server has moved on; the page needs a fresh start.